 Dungeon Sprint DCSS version 0.17.0-27-g4a3f43e (webtiles) character file.

0 kosy22 the Shield-Bearer (level 1, -11/14 HPs)
             Began as a Gargoyle Fighter on Nov 21, 2015.
             Mangled by a deep elf knight
             ... wielding a +0 scimitar
              (17 damage)
             ... in the Dungeon (Sprint V: "Ziggurat Sprint").
             The game lasted 00:01:01 (41 turns).

kosy22 the Shield-Bearer (Gargoyle Fighter)           Turns: 41, Time: 00:01:02

Health: -11/14     AC:  9    Str: 19    XL:     1   Next: 0%
Magic:  1/1        EV:  7    Int:  8    God:
Gold:   0          SH:  9    Dex:  9    Spells: 0 memorised, 0 levels left

rFire  . . .     SeeInvis .     L - disc of storms
rCold  . . .     Clarity  .     b - +0 scale mail
rNeg   + . .     SustAt   .     c - +0 shield
rPois  ∞         Gourm    .     (no helmet)
rElec  +         Spirit   .     (no cloak)
rCorr  .         Warding  .     (no gloves)
rMut   .         NoTele   +     (no boots)
MR     .....                    (no amulet)
Stlth  ..........               (no ring)
                                (no ring)

@: not resistant to hostile enchantments, extremely unstealthy
A: negative energy resistance 1, electricity resistance, unbreathing,
petrification resistance, rot immunity, AC +2
a: no special abilities


You were in the Dungeon.
You were not hungry.

You visited 1 branch

Inventory:

Hand Weapons
 a - a +0 war axe
Armour
 b - a +0 scale mail (worn)
 c - a +0 shield (worn)
 l - a +5 crystal plate armour
 m - a +3 large shield
Jewellery
 B - a +6 ring of dexterity
 C - a +6 ring of dexterity
 D - a +6 ring of intelligence
 E - a +6 ring of intelligence
 F - a +6 ring of strength
 G - a +6 ring of strength
Wands
 H - a wand of disintegration (7)
 I - a wand of fire (5)
 J - a wand of cold (5)
 K - a wand of draining (5)
Scrolls
 k - 4 scrolls of blinking
 s - 4 scrolls of amnesia
 t - 3 scrolls of recharging
 u - 7 scrolls of fog
 v - a scroll of holy word
 w - 5 scrolls of identify
 x - 5 scrolls of remove curse
 y - 2 scrolls of fear
Potions
 d - 6 potions of might
 f - 10 potions of curing
 g - 10 potions of heal wounds
 h - 6 potions of haste
 i - 7 potions of magic
 j - 3 potions of berserk rage
 n - 2 potions of brilliance
 o - 2 potions of invisibility
 p - 4 potions of resistance
 q - a potion of experience
 r - 5 potions of agility
Miscellaneous
 L - a disc of storms (in hand)
Comestibles
 e - 5 bread rations
 z - 42 fruits
 A - 4 meat rations


   Skills:
 + Level 3.2 Fighting
 + Level 1.7 Axes
 + Level 3.2 Armour
 + Level 3.2 Shields


You couldn't memorise any spells.
You didn't know any spells.

Dungeon Overview and Level Annotations

Branches:
Dungeon (1/1)

Altars:
Ashenzari
Cheibriados
Dithmenos
Elyvilon
Fedhas
Gozag
Kikubaaqudgha
Makhleb
Nemelex Xobeh
Okawaru
Qazlal
Ru
Sif Muna
Trog
Vehumet
Xom
Yredelemnul
Zin
The Shining One
Beogh
Jiyva
Lugonu


Innate Abilities, Weirdness & Mutations

You are resistant to torment.
Your stone body is resilient (AC +2).
You are immune to poison.
You resist negative energy.
You are resistant to electric shocks.
You can survive without breathing.
You are immune to petrification.
You are immune to rotting.


Message History

Nothing appears to happen.
Nothing appears to happen.
The deep elf knight hits you with a scimitar.
The deep elf knight gestures wildly while chanting.
The deep elf knight flickers and vanishes!
Deactivating autopickup; reactivate with Ctrl-A.
You block the deep elf knight's attack.
The disc erupts in an explosion of electricity!
The orb of electricity explodes!
The orb of electricity engulfs something.
The orb of electricity engulfs the deep elf knight.
The deep elf knight is heavily wounded.
The orb of electricity explodes!
The orb of electricity engulfs you! You resist.
The orb of electricity engulfs the deep elf knight.
The deep elf knight is severely wounded.
The orb of electricity engulfs something.
The deep elf knight hits you with a scimitar!
Ouch! That really hurt!
You die...

▓▓▓▓▓▓▓
▓.8©8.▓
▓.....▓
▓.}.).▓
▓.....▓
▓..e..▓
▓.@...▓
▓▓▓▓▓▓▓


You could see a deep elf knight.

Vanquished Creatures (others)
  2 spatial maelstroms (D)
2 creatures vanquished.

Notes
Turn   | Place    | Note
--------------------------------------------------------------
     0 | D        | kosy22 the Gargoyle Fighter began the quest for the Orb.
     0 | D        | Reached XP level 1. HP: 14/14 MP: 1/1
     3 | D        | Found an iron altar of Okawaru.
     3 | D        | Found a radiant altar of Vehumet.
     3 | D        | Found a shimmering altar of Xom.
     3 | D        | Found a burning altar of Makhleb.
     4 | D        | Found a deep blue altar of Sif Muna.
     9 | D        | Found a roughly hewn altar of Beogh.
     9 | D        | Found a corrupted altar of Lugonu.
     9 | D        | Found a viscous altar of Jiyva.
     9 | D        | Found a white marble altar of Elyvilon.
     9 | D        | Found a sparkling altar of Nemelex Xobeh.
     9 | D        | Found a bloodstained altar of Trog.
    13 | D        | Banished a spatial maelstrom
    16 | D        | Banished a spatial maelstrom
    37 | D        | Entered arena 1.
    37 | D        | Noticed a deep elf knight
    37 | D        | Noticed a deep elf knight
    41 | D        | Mangled by a deep elf knight

Action                   || total
-------------------------++-------
Evoke: Disc of storms    ||     3
